Map: Lost and Found LE

Players

PtitDrogo

  • Race: Protoss Protoss
  • Spawn Location: 7:00

TIME (Oliveira) - Winner!

  • Race: Terran Terran
  • Spawn Location: 1:00

Event: WCS Montreal 2018

VOD

Have the link to the VOD?

Description

Time

  • Played on: Sept. 7, 2018, 6:32 p.m.
  • Length: 10:40

All games in this series

Show
View Real Time Build Order
Export as new Build Order

PtitDrogo Protoss 

Build Orders: 1 Gate Expand, Oracle Opening 

Get SALT Encoding   

  12  0:00  Probe  
  13  0:13  Probe  
  14  0:18  Pylon  
  14  0:24  Probe  
  15  0:32  Probe  
  15  0:37  Gateway  
  15  0:40  Probe  
  16  0:46  Assimilator  
  17  0:51  Probe  
  18  1:03  Probe  
  19  1:15  Probe  
  20  1:22  Nexus  
  20  1:32  Cybernetics Core  
  20  1:34  Probe  
  21  1:41  Assimilator  
  21  1:49  Probe  
  21  1:51  Pylon  
  22  1:59  Stalker  
  22  2:01  Probe  
  23  2:13  Probe  
  26  2:18  Stargate  
  26  2:25  Probe  
  27  2:32  Stalker, Probe  
  27  2:33  Probe  
  30  2:39  Warp Gate  
  30  2:40  Probe  
  30  2:42  Probe  
  31  2:50  Probe  
  33  2:52  Probe  
  33  2:58  Oracle  
  35  3:02  Probe  
  35  3:04  Probe  
  40  3:14  Probe  
  40  3:16  Probe  
  42  3:22  Zealot  
  42  3:24  Pylon, Gateway  
  42  3:26  Gateway  
  44  3:28  Probe  
  44  3:30  Probe  
  46  3:36  Pylon  
  46  3:42  Probe, Oracle  
  46  3:46  Pylon  
  46  3:47  Probe  
  51  3:51  Assimilator  
  51  3:54  Assimilator, Probe  
  52  3:59  Probe  
  53  4:06  Probe  
  51  4:11  Probe  
  52  4:17  Nexus  
  52  4:18  Probe  
  52  4:23  Pylon, Probe  
  54  4:29  Twilight Council  
  54  4:30  Probe  
  55  4:35  Probe  
  54  4:42  Probe  
  55  4:47  Probe  
  55  4:50  Sentry x3  
  55  4:51  Blink  
  62  4:56  Gateway  
  62  4:58  Gateway x2  
  62  5:00  Gateway  
  62  5:02  Gateway, Probe  
  62  5:03  Probe  
  64  5:14  Probe  
  64  5:16  Forge  
  64  5:19  Probe  
  64  5:20  Sentry  
  64  5:21  Pylon  
  68  5:24  Oracle  
  68  5:29  Stalker x2  
  68  5:30  Probe  
  68  5:32  Protoss Ground Weapons Level 1  
  75  5:51  Shield Battery  
  75  5:55  Pylon  
  75  5:58  Photon Cannon  
  75  5:59  Stalker x3  
  80  6:04  Stalker  
  80  6:05  Stalker  
  84  6:12  Probe x3  
  87  6:18  Robotics Facility  
  87  6:24  Probe  
  87  6:25  Stalker x3  
  94  6:27  Probe  
  95  6:33  Stalker x2  
  95  6:35  Pylon  
  99  6:43  Probe  
  98  6:47  Stalker  
  98  6:48  Stalker x2  
  104  6:55  Charge  
  104  7:00  Stalker x3  
  104  7:15  Zealot  
  104  7:16  Zealot x4  
  114  7:23  Stalker x2  
  114  7:27  Protoss Ground Armor Level 1  
  108  7:30  Stalker  
  108  7:34  Immortal  
  98  7:43  Zealot x5  
  112  7:52  Probe x2  
  112  7:53  Assimilator  
  112  7:54  Assimilator  
  112  8:02  Probe  
  112  8:04  Probe  
  114  8:07  Robotics Facility  
  114  8:10  Shield Battery  
  114  8:17  Robotics Bay  
  114  8:18  Probe  
  115  8:22  Pylon  
  115  8:29  Zealot  
  115  8:30  Immortal  
  115  8:31  Pylon  
  115  8:32  Pylon  
  115  8:33  Pylon  
  121  8:42  Nexus  
  121  8:43  Pylon  
  121  8:47  Pylon  
  121  8:49  Colossus  
  121  8:56  Pylon  
  121  8:58  Forge  
  121  9:09  Colossus  
  131  9:36  Stalker x3, Colossus  
  131  9:37  Zealot x5  
  133  9:57  Stalker x2  
  133  9:58  Stalker  
  135  10:12  Zealot x2  
  135  10:13  Zealot  
  135  10:16  Zealot x2  
  137  10:26  Zealot x3  
Show
View Real Time Build Order
Export as new Build Order

TIME Terran - Winner!

Build Orders: Reaper Expand, MMM Bio 

Get SALT Encoding   

  12  0:00  SCV  
  13  0:13  SCV  
  14  0:17  Supply Depot  
  14  0:25  SCV  
  15  0:38  SCV  
  15  0:40  Barracks  
  16  0:43  Refinery  
  16  0:50  SCV  
  17  1:03  SCV  
  18  1:15  SCV  
  19  1:27  Reaper, Orbital Command  
  20  1:39  Command Center  
  20  1:48  Supply Depot  
  20  1:53  SCV  
  21  2:00  Marine  
  22  2:06  SCV  
  23  2:08  Factory  
  23  2:13  Refinery  
  23  2:18  SCV  
  23  2:21  Barracks Reactor  
  24  2:30  SCV  
  25  2:42  SCV  
  26  2:52  Widow Mine  
  26  2:53  Starport, Orbital Command  
  26  2:55  SCV  
  29  2:58  Marine x2  
  31  3:07  SCV  
  32  3:13  Factory Tech Lab  
  32  3:16  Marine x2  
  32  3:18  Supply Depot  
  32  3:19  SCV x2  
  35  3:29  Viking  
  35  3:31  SCV  
  39  3:34  SCV  
  39  3:41  Barracks  
  39  3:42  Stimpack, Marine  
  39  3:45  SCV  
  39  3:46  Barracks  
  39  3:48  Factory Reactor  
  41  3:49  SCV  
  42  3:57  SCV  
  42  4:00  Engineering Bay, Marine  
  42  4:01  Starport Reactor, SCV  
  46  4:10  SCV, Refinery  
  46  4:11  Bunker  
  46  4:13  SCV  
  47  4:18  Marine  
  47  4:19  Supply Depot  
  47  4:22  SCV  
  49  4:25  SCV  
  49  4:27  Terran Infantry Weapons Level 1  
  50  4:33  Factory Reactor, Marine  
  50  4:34  SCV, Marine  
  50  4:35  Marine  
  54  4:40  Marine, Supply Depot  
  54  4:41  SCV  
  54  4:42  Marine  
  57  4:49  Medivac x2  
  57  4:50  SCV  
  62  4:52  Supply Depot  
  62  4:59  Refinery  
  62  5:01  SCV, Marine x4  
  62  5:03  Marine  
  68  5:15  Widow Mine x2  
  68  5:17  SCV  
  68  5:19  SCV, Marine x2  
  76  5:22  Supply Depot  
  76  5:25  Marine x2  
  78  5:29  Supply Depot  
  78  5:33  Liberator x2  
  78  5:43  Marine x3  
  78  5:44  SCV, Widow Mine x2  
  78  5:46  Marine  
  78  5:47  Combat Shields, Marine  
  86  5:52  Supply Depot  
  86  5:53  Supply Depot  
  86  5:54  SCV  
  93  5:57  SCV  
  93  5:59  Supply Depot  
  94  6:14  SCV x2, Widow Mine x2, Marine x5  
  94  6:17  Liberator x2  
  105  6:20  Command Center  
  105  6:31  Supply Depot  
  105  6:32  Marine x2  
  107  6:35  Marine  
  107  6:38  Marine  
  115  6:40  Marine  
  115  6:42  Widow Mine  
  118  6:49  Terran Infantry Armor Level 1  
  118  6:53  SCV, Widow Mine, Marine x2  
  123  6:54  SCV, Supply Depot  
  123  6:59  Marine  
  121  7:10  Liberator x2  
  121  7:11  Marine  
  121  7:12  Marine x2  
  121  7:13  SCV  
  125  7:16  Widow Mine x2  
  125  7:21  Barracks  
  125  7:22  Barracks  
  126  7:25  Marine  
  126  7:28  SCV  
  126  7:29  Marine  
  118  7:31  Marine  
  118  7:32  Marine  
  118  7:36  Marine  
  112  7:39  SCV  
  112  7:41  Orbital Command  
  112  7:43  Marine  
  108  7:45  Widow Mine  
  108  7:47  Widow Mine  
  108  7:48  SCV  
  108  7:51  SCV, Marine x2  
  112  7:52  Liberator  
  112  7:53  Liberator, Marine  
  113  7:59  Supply Depot  
  113  8:03  Marine  
  113  8:04  Marauder, SCV x2  
  115  8:07  SCV  
  115  8:10  Barracks Tech Lab x2  
  115  8:12  Widow Mine x2, Marine  
  126  8:16  SCV x2  
  130  8:20  SCV  
  130  8:22  Ghost Academy  
  130  8:24  Marine  
  130  8:25  Supply Depot  
  131  8:28  Marauder, SCV, Marine x2  
  131  8:29  Marauder x2  
  140  8:35  Marine  
  140  8:40  Refinery x2  
  141  8:41  SCV, Supply Depot  
  141  8:42  Marine  
  141  8:47  SCV  
  144  8:48  Marine x2  
  144  8:51  Ghost x2  
  144  8:52  Medivac x2, Ghost  
  144  8:53  Concussive Shells  
  153  9:03  Marine  
  153  9:06  Marine  
  153  9:08  Liberator  
  155  9:13  Marine x2  
  157  9:20  Marauder x2  
  157  9:22  Marine  
  157  9:23  Marauder  
  162  9:25  Widow Mine x2  
  169  9:39  Command Center  
  161  9:48  Marine  
  161  9:49  Engineering Bay, Marauder, SCV, Armory, Marine  
  165  9:53  SCV  
  165  9:56  SCV  
  165  9:57  Marauder, Marine x2  
  171  10:09  Starport, Supply Depot  
  171  10:10  Supply Depot  
  171  10:15  Marauder  
Tags
 
Add a new tag
Caveats
  • Supply blocks, unpowered buildings, or Contaminate may cause inaccurate times.
  • Supply counts are checked every 10 seconds.